 Dungeon Sprint DCSS version 0.19-a0-1568-gdd01aac (webtiles) character file.

2228 Tesnorth the Bludgeoner (level 9, -3/133 HPs)
             Began as a Minotaur Berserker on Sept 15, 2016.
             Was an Elder of Trog.
             Hit by a tomahawk thrown by a merfolk (15 damage)
             ... in the Dungeon (Sprint V: "Ziggurat Sprint").
             The game lasted 00:03:32 (485 turns).

Tesnorth the Bludgeoner (Minotaur Berserker)         Turns: 485, Time: 00:03:33

Health: -3/133     AC: 16    Str: 30    XL:     9   Next: 14%
Magic:  8/8        EV: 15    Int:  4    God:    Trog [****..]
Gold:   0          SH:  0    Dex: 13    Spells: 0 memorised, 8 levels left

rFire  + . .     SeeInvis .     X - +5 great mace
rCold  . . .     Gourm    .     Z - +3 chain mail {rF+}
rNeg   . . .     Faith    .     (shield currently unavailable)
rPois  .         Spirit   .     (helmet restricted)
rElec  .         Dismiss  .     (no cloak)
rCorr  .         Reflect  .     H - +0 pair of gloves {Str+3}
MR     .....     Harm     .     (no boots)
Stlth  .......... NoTele   +    (no amulet)
                                (no ring)
                                (no ring)

@: berserking, studying Axes, very quick
A: retaliatory headbutt, horns 2
a: Berserk, Trog's Hand, Brothers in Arms, Burn Spellbooks, Renounce Religion


You were in the Dungeon.
You worshipped Trog.
Trog was greatly pleased with you.
You were not hungry.

You visited 1 branch

Inventory:

Hand Weapons
 a - a +0 mace
 M - the cursed +14 obsidian axe {chop, +Fly SInv *Curse}
   (You found it in the Dungeon)

   It inflicts extra damage upon your enemies.
   It lets you see invisible.
   It lets you fly.
   It may re-curse itself when equipped.
   It has a curse placed upon it.
 N - the +7 great mace "Firestarter" {inner flame, rF++}
   (You found it in the Dungeon)

   It has been specially enchanted to burn those struck by it, causing extra
   injury to most foes and up to half again as much damage against particularly
   susceptible opponents.
   It greatly protects you from fire.
 X - a +5 great mace (weapon)
Armour
 b - a +0 animal skin
 l - a +5 plate armour
 H - a +0 pair of gloves of strength (worn)
 K - the +15 Maxwell's patent armour {-Cast -Tele rElec MR+ rCorr}
   (You found it in the Dungeon)

   It insulates you from electricity.
   It affects your resistance to hostile enchantments.
   It prevents spellcasting.
   It prevents most forms of teleportation.
   It protects you from acid and corrosion.
 L - the +18 shield of the Gong {rElec rN+ MR+ EV-5}
   (You found it in the Dungeon)

   It affects your evasion (-5).
   It insulates you from electricity.
   It protects you from negative energy.
   It affects your resistance to hostile enchantments.
 Y - a +5 gold dragon armour
 Z - a +3 chain mail of fire resistance (worn)
Jewellery
 A - a +6 ring of dexterity
 C - a +6 ring of dexterity
 D - a +6 ring of intelligence
 E - a +6 ring of intelligence
 F - a +6 ring of strength
 G - a +6 ring of strength
 I - the amulet "Ynneedde" {Reflect rF+ SH+5}
   (You found it in the Dungeon)

   [amulet of reflection]

   It shields you and reflects attacks.
   It protects you from fire.
   It affects your SH (+5).
Wands
 d - a wand of disintegration (7/24)
 x - a wand of iceblast (1/15)
 y - a wand of lightning (5/15)
 z - a wand of acid (5/15)
Scrolls
 e - 2 scrolls of fear {!r}
 f - 7 scrolls of fog {!r}
 i - 5 scrolls of identify
 p - a scroll of holy word
 r - 3 scrolls of recharging {!r}
 s - 5 scrolls of remove curse
 B - 4 scrolls of blinking {!r}
 J - a scroll of brand weapon
Potions
 g - 7 potions of magic
 h - 3 potions of berserk rage
 j - 2 potions of invisibility
 k - 4 potions of resistance
 m - 5 potions of agility
 n - 5 potions of might
 o - 6 potions of haste
 q - 2 potions of brilliance
 t - 10 potions of heal wounds
 w - 10 potions of curing
Books
 P - a manual of Axes
Comestibles
 c - 5 bread rations
 u - 42 fruits
 v - 4 meat rations
 O - 4 chunks of flesh


   Skills:
 + Level 11.6 Fighting
 * Level 15.3 Maces & Flails
 + Level 11.4 Armour
 + Level 10.5 Dodging


You had 8 spell levels left.
You didn't know any spells.

Dungeon Overview and Level Annotations

Branches:
Dungeon (1/1)

Altars:
Ashenzari
Cheibriados
Dithmenos
Elyvilon
Fedhas
Gozag
Hepliaklqana
Kikubaaqudgha
Makhleb
Nemelex Xobeh
Okawaru
Qazlal
Ru
Sif Muna
Trog
Uskayaw
Vehumet
Xom
Yredelemnul
Zin
The Shining One
Beogh
Jiyva
Lugonu


Innate Abilities, Weirdness & Mutations

You reflexively headbutt those who attack you in melee.
You have a pair of horns on your head.


Message History

The merfolk closely misses you.
You are too injured to fight recklessly!
You are too injured to fight recklessly!
You are too injured to fight recklessly!
You feel a strong urge to attack something.
The merfolk completely misses you. You furiously retaliate!
You headbutt the merfolk!
The merfolk throws a tomahawk.
The tomahawk hits you.
* * * LOW HITPOINT WARNING * * *
You see here a tomahawk.
You closely miss the merfolk. You headbutt the merfolk!
The merfolk is heavily wounded.
The merfolk misses you. You furiously retaliate!
You headbutt the merfolk. The merfolk hits you with a trident!
* * * LOW HITPOINT WARNING * * *
You bludgeon the merfolk!! You headbutt the merfolk.
You kill the merfolk!
Trog accepts your kill.
The merfolk hits you but does no damage.
The merfolk throws a tomahawk.
The tomahawk hits you!
You die...

▓.))..▓...%†▓.....▓
▓.)...▓.....▓▓▓▓▓▓▓
▓▓▓▓▓▓▓▓▓▓▓▓▓▓
▓..8©8...▓
▓..)=....▓
▓...:....▓
▓...m....▓
▓..).m...▓
▓...@m...▓
▓...(....▓
▓▓▓▓▓▓▓▓▓▓


You could see 3 merfolk.

Vanquished Creatures
  A large abomination (D)
  3 deep elf magi (D)
  A merfolk (D)
  A water elemental (D)
  A water moccasin (D)
  A quasit (D)
  An adder (D)
  A ball python (D)
10 creatures vanquished.

Notes
Turn   | Place    | Note
-------+----------+-------------------------------------------
     0 | D        | Tesnorth the Minotaur Berserker began the quest for the Orb.
     0 | D        | Reached XP level 1. HP: 19/19 MP: 0/0
     0 | D        | Found a deep blue altar of Sif Muna.
     0 | D        | Found a sacrificial altar of Ru.
     0 | D        | Found a bloodstained altar of Trog.
     0 | D        | Found a stormy altar of Qazlal.
     0 | D        | Found an iron altar of Okawaru.
     0 | D        | Found a sparkling altar of Nemelex Xobeh.
     0 | D        | Found a blossoming altar of Fedhas.
     2 | D        | Found an ancient bone altar of Kikubaaqudgha.
     2 | D        | Found a viscous altar of Jiyva.
     2 | D        | Found a corrupted altar of Lugonu.
     2 | D        | Found a hazy altar of Hepliaklqana.
     2 | D        | Found a burning altar of Makhleb.
     2 | D        | Found an opulent altar of Gozag.
    19 | D        | Got the +2 great sword of Eternal Vigilance {pain, SInv}
    46 | D        | Reached skill level 5 in Fighting
    46 | D        | Reached skill level 6 in Maces & Flails
    46 | D        | Reached XP level 2. HP: 29/29 MP: 1/1
    71 | D        | Entered arena 1.
    71 | D        | Noticed a large abomination
    74 | D        | Reached skill level 7 in Maces & Flails
    74 | D        | Reached skill level 5 in Armour
    74 | D        | Reached XP level 3. HP: 37/37 MP: 2/2
    77 | D        | Killed a large abomination
    77 | D        | Reached skill level 12 in Maces & Flails
    77 | D        | Reached XP level 4. HP: 35/50 MP: 3/3
    77 | D        | Reached XP level 5. HP: 40/57 MP: 4/4
    77 | D        | Reached XP level 6. HP: 44/63 MP: 5/5
    77 | D        | Reached XP level 7. HP: 49/70 MP: 6/6
   239 | D        | Entered arena 2.
   244 | D        | Reached ** piety under Trog
   276 | D        | Got the amulet "Ynneedde" {Reflect rF+ SH+5}
   282 | D        | Entered arena 3.
   282 | D        | Noticed a water elemental
   282 | D        | Noticed a deep elf mage
   282 | D        | Noticed a deep elf mage
   282 | D        | Noticed a deep elf mage
   285 | D        | Killed a deep elf mage
   285 | D        | Reached *** piety under Trog
   285 | D        | Reached skill level 10 in Fighting
   285 | D        | Reached skill level 13 in Maces & Flails
   285 | D        | Reached skill level 10 in Armour
   285 | D        | Reached XP level 8. HP: 79/79 MP: 7/7
   288 | D        | Killed a deep elf mage
   288 | D        | Reached skill level 14 in Maces & Flails
   290 | D        | Killed a deep elf mage
   290 | D        | Reached **** piety under Trog
   290 | D        | Reached skill level 10 in Dodging
   291 | D        | Reached skill level 15 in Maces & Flails
   291 | D        | Reached XP level 9. HP: 65/89 MP: 8/8
   475 | D        | Entered arena 4.
   475 | D        | Noticed a merfolk
   475 | D        | Noticed a merfolk
   475 | D        | Noticed a merfolk
   475 | D        | Noticed a merfolk
   482 | D        | haha
   485 | D        | Killed a merfolk
   485 | D        | Hit by a tomahawk thrown by a merfolk

Vault maps used:
D:        sprint_v

Skill      XL: |  1  2  3  4  5  6  7  8 |
---------------+-------------------------+-----
Fighting       | 5 9 10 11 | 11.6
Maces & Flails | 6 7 12 13 15 | 15.3
Armour         | 4 5 8 10 11 | 11.4
Dodging        | 4 7 9 10 | 10.5

Action                   |  1- 3 |  4- 6 |  7- 9 || total
-------------------------+-------+-------+-------++-------
Melee: Great mace        |     5 |       |    15 ||    20
       Headbutt          |     3 |       |     2 ||     5
Invok: Berserk           |     1 |       |     2 ||     3
Evoke: Wand              |       |       |     4 ||     4
  Use: Potion            |     1 |       |       ||     1
  Eat: Chunk             |       |       |     1 ||     1
Armor: Plate armour      |     1 |       |       ||     1
       Chain mail        |       |       |    11 ||    11
Dodge: Dodged            |     4 |       |    23 ||    27

Vault maps used:
D:        sprint_v
